 Dungeon Crawl Stone Soup version 0.31.0-32-g396128a36d (webtiles) character file.

Game seed: 11920977174572423563

102263 aheadsoundss the Unseen (level 16, -3/100 HPs)
             Began as a Kobold Brigand on Mar 10, 2024.
             Was the Champion of Dithmenos.
             Slain by a naga warrior
             ... wielding a +0 halberd
              (34 damage)
             ... on level 2 of the Snake Pit.
             The game lasted 01:47:50 (28788 turns).

aheadsoundss the Unseen (Kobold Brigand)           Turns: 28788, Time: 01:47:50

Health: -3/100     AC: 24    Str: 15    XL:     16   Next: 85%
Magic:  21/21      EV: 32    Int: 13    God:    Dithmenos [******]
Gold:   1362       SH: 13    Dex: 34    Spells: 20/20 levels left

rFire   + + .        R - +8 dagger "Femmupp" {heavy, rF+ Dex+5 Stlth+}
rCold   + . .        P - +0 buckler
rNeg    + . .        b - +2 steam dragon scales
rPois   +            i - +5 hat of the Lich-sworn {Rampage Dex+3 Stlth+}
rElec   .            c - +1 cloak
rCorr   .            C - +3 pair of gloves of the Frog {Str+5 Dex+2}
SInv    .            j - +3 pair of seven-league boots {Rampage+∞}
Will    ++...        u - amulet of reflection Stlth ###*******
                     k - ring of positive energy
HPRegen 0.36/turn    h - ring of poison resistance
MPRegen 0.17/turn

%: reflection, rampage+∞
@: lethally poisoned (-3 -> -5), wreathed by umbra
A: small, no large weapons, nightstalker 3, thin skeletal structure 1, cold
resistance 1, fire resistance 1, strong-willed 1
a: Renounce Religion, Shadow Step, Shadow Form


You were on level 2 of the Snake Pit.
You worshipped Dithmenos.
Dithmenos was exalted by your worship.
You visited 4 branches of the dungeon, and saw 23 of its levels.
You also visited: Sewer and Ossuary.

You collected 2694 gold pieces.
You spent 1332 gold pieces at shops.

Inventory:

Hand Weapons
 B - the +7 scimitar of Generosity {flame, Int+2 Stlth+}
   (You found it on level 4 of the Lair of Beasts)

   Int+2:     It affects your intelligence (+2).
   Stlth+:    It makes you more stealthy.
 K - the +8 longbow "Zephyr" {speed, Dex+3 SInv}
   (You found it on level 15 of the Dungeon)

   Dex+3:     It affects your dexterity (+3).
   SInv:      It lets you see invisible.
 R - the +8 dagger "Femmupp" (weapon) {heavy, rF+ Dex+5 Stlth+}
   (You found it on level 5 of the Dungeon)

   Dex+5:     It affects your dexterity (+5).
   rF+:       It protects you from fire.
   Stlth+:    It makes you more stealthy.
 Z - the +7 war axe of Rithen {flame, rPois rF+}
   (You found it on level 8 of the Dungeon)

   rF+:       It protects you from fire.
   rPois:     It protects you from poison
Missiles
 g - a dart of dispersal (quivered)
 m - a throwing net
 Y - 7 atropa-tipped darts
Armour
 b - +2 steam dragon scales (worn)
 c - a +1 cloak (worn)
 i - the +5 hat of the Lich-sworn (worn) {Rampage Dex+3 Stlth+}
   (You acquired it on level 4 of the Dungeon)

   Dex+3:     It affects your dexterity (+3).
   Rampage:   It bestows one free step when moving towards enemies.
   Stlth+:    It makes you more stealthy.
 j - the +3 pair of seven-league boots (worn) {Rampage+∞}
   (You bought it in a shop on level 2 of the Dungeon)

   Rampage+∞: When moving toward enemies, its wearer moves as far as possible,
   alerting their target en route.
 C - the +3 pair of gloves of the Frog (worn) {Str+5 Dex+2}
   (You found it on level 12 of the Dungeon)

   Str+5:     It affects your strength (+5).
   Dex+2:     It affects your dexterity (+2).
 P - a +0 buckler (worn)
Jewellery
 d - a +4 ring of protection
 h - a ring of poison resistance (right hand)
 k - a ring of positive energy (left hand)
 l - an amulet of guardian spirit
 u - an amulet of reflection (around neck)
 v - a ring of protection from fire
 x - a ring of resist corrosion
 A - a ring of wizardry
 J - a ring of protection from cold
 N - a ring of ice
 X - a ring of willpower
Wands
 f - a wand of digging (3)
 q - a wand of polymorph (4)
 w - a wand of roots (26)
 D - a wand of mindburst (5)
 Q - a wand of acid (3)
 S - a wand of charming (5)
Scrolls
 p - 3 scrolls of fear
 r - 3 scrolls of brand weapon
 y - 4 scrolls of enchant weapon
 F - 6 scrolls of teleportation
 L - a scroll of summoning
 O - 11 scrolls of identify
 U - 4 scrolls of amnesia
 W - 3 scrolls of immolation
Potions
 e - 3 potions of mutation
 n - 4 potions of might
 o - 5 potions of brilliance
 s - 6 potions of curing
 t - 2 potions of magic
 z - 4 potions of enlightenment
 E - 3 potions of lignification
 G - 2 potions of resistance
 H - 4 potions of haste
 I - 2 potions of heal wounds
 M - 3 potions of ambrosia
 T - 2 potions of berserk rage
 V - 3 potions of invisibility
Miscellaneous
 a - a phial of floods


   Skills:
 + Level 11.5 Fighting
 * Level 18.5 Short Blades
 - Level 2.1 Throwing
 + Level 7.5 Armour
 + Level 12.6 Dodging
 * Level 18.8 Stealth
 - Level 4.0 Shields
 + Level 2.8 Spellcasting
 + Level 7.8 Invocations
 + Level 11.7 Evocations


You had 20 spell levels left.
You didn't know any spells.
Your spell library contained the following spells:

 Spells                   Type           Power      Damage    Failure   Level
 Apportation              Tloc           2%         N/A       30%         1
 Necrotise                Necr           4%         1d4       30%         1
 Sting                    Conj/Alch      4%         1d3       30%         1
 Summon Small Mammal      Summ           4%         N/A       30%         1
 Blink                    Tloc           2%         N/A       41%         2
 Call Imp                 Summ           2%         N/A       41%         2
 Cigotuvi's Dreadful Rot  Necr/Alch/Air  2%         N/A       41%         2
 Lesser Beckoning         Tloc           2%         N/A       41%         2
 Mercury Vapours          Alch/Air       2%         N/A       41%         2
 Momentum Strike          Conj/Tloc      2%         3d8       41%         2
 Sublimation of Blood     Necr           1%         N/A       41%         2
 Gell's Gravitas          Tloc           1%         N/A       65%         3
 Hailstorm                Conj/Ice       1%         3d5       65%         3
 Mephitic Cloud           Conj/Alch/Air  1%         N/A       65%         3
 Ozocubu's Armour         Ice            1%         N/A       65%         3
 Summon Ice Beast         Ice/Summ       1%         N/A       65%         3
 Teleport Other           Tloc           1%         N/A       65%         3
 Tukima's Dance           Hex            1%         N/A       65%         3
 Volatile Blastmotes      Fire/Tloc      2%         2d10      65%         3
 Anguish                  Hex/Necr       0%         N/A       96%         4
 Cause Fear               Hex            0%         N/A       96%         4
 Fulminant Prism          Conj/Alch      0%         3d5       96%         4
 Ignite Poison            Fire/Alch      1%         N/A       96%         4
 Iskenderun's Mystic Bla  Conj/Tloc      1%         2d3       96%         4
 Manifold Assault         Tloc           1%         N/A       96%         4
 Passage of Golubria      Tloc           1%         N/A       96%         4
 Petrify                  Alch/Erth      1%         N/A       96%         4
 Freezing Cloud           Conj/Ice/Air   0%         6-21      100%        5
 Irradiate                Conj/Alch      0%         3d11      100%        5
 Summon Forest            Summ/Tloc      0%         N/A       100%        5
 Yara's Violent Unravell  Hex/Alch       0%         3d3       100%        5
 Sculpt Simulacrum        Ice/Alch       0%         N/A       100%        6
 Enfeeble                 Hex            0%         N/A       100%        7
 Summon Hydra             Summ           0%         N/A       100%        7
 Lehudib's Crystal Spear  Conj/Erth      0%         10d2      100%        8


Dungeon Overview and Level Annotations

Branches:
Dungeon (15/15)            Temple (1/1) D:7            Lair (5/5) D:9
  Swamp (0/4) Lair:2        Snake (2/4) Lair:3        Slime (0/5) Lair:5
    Orc (0/2) D:9          Vaults (0/5) D:14         Depths (0/4) D:15
  Sewer (visited)         Ossuary (visited)

Altars:
Ashenzari
Cheibriados
Dithmenos
Elyvilon
Fedhas
Gozag
Hepliaklqana
Kikubaaqudgha
Makhleb
Nemelex Xobeh
Okawaru
Qazlal
Ru
Sif Muna
Trog
Uskayaw
Vehumet
Wu Jian
Xom
Yredelemnul
Zin
The Shining One
Jiyva

Shops:
D:2 *   D:11 ?   Snake:1 **

Annotations:
D:12 diceflayer's ghost, journeyman DsFi
D:13 3 runed translucent doors
D:14 Azrael; Lodul


Innate Abilities, Weirdness & Mutations

You are small and have problems with some larger weapons.
You are completely attuned to the shadows.
You have a somewhat thin skeletal structure. (Dex +2, Stealth+)
Your flesh is cold resistant. (rC+)
Your flesh is heat resistant. (rF+)
You are strong-willed. (Will+)


Message History

You feel very sick.
The guardian serpent casts a spell at you.
The bolt of poison misses you. The naga warrior completely misses you.
You block the naga warrior's attack. x2
You puncture the naga warrior!
The naga warrior is moderately wounded.
You feel sick.
The guardian serpent casts a spell at you.
The bolt of poison hits you. You resist.
You block the naga warrior's attack. x2
The guardian serpent completely misses you.
The naga warrior hits you from afar with a +0 halberd!!
You emit a cloud of dark smoke.
You puncture the naga warrior!
The naga warrior is heavily wounded.
You feel sick.
The guardian serpent casts a spell at you.
You block the naga warrior's attack. The naga warrior completely misses you.
You hit the naga warrior.
The naga warrior is severely wounded.
You feel sick. You block the naga warrior's attack.
The guardian serpent completely misses you.
You impale the naga warrior!!
The naga warrior is almost dead.
Your shadow hits the naga warrior but does no damage.
You feel sick. The guardian serpent misses you.
The naga warrior hits you with a +0 short sword!
The naga warrior closely misses you. You block the naga warrior's attack.
You impale the naga warrior!!
You kill the naga warrior!
Dithmenos accepts your kill.
You feel sick.
The guardian serpent completely misses you.
The naga warrior completely misses you.
The guardian serpent hits you but does no damage.
You feel sick.
The guardian serpent attacks as it pursues you!
The guardian serpent completely misses you.
The naga warrior attacks as it pursues you!
The naga warrior hits you from afar with a +0 halberd!!
You die... # #####.# #. ##.#.#.. #N# ##.##...# NN#

#.#.#..# ##§# ##...#.##
##N# ##.#.##.# #S##
##.##.(#.# ##@#
#..##.#... ##§###
##.#.....## ##§§..#
#<.###....# #.....#
#.######### ##.....#
##.>##.#.##
##......#### #.......##
#.....).##.####...#...#
##..<>..##..# #..#.## #
##.....##..###..#).# #


You could see a naga warrior (strong) and a guardian serpent.

Vanquished Creatures
  A fire dragon (Lair:5)
  Josephine (D:12)
  A salamander tyrant (Snake:2)
  2 anacondas (Snake:1)
  9 hydras
  3 centaur warriors
  3 two-headed ogres
  4 boulder beetles
  A sphinx skeleton (D:15)
  2 tengu warriors
  13 death yaks
  2 naga warriors
  3 shock serpents
  A vampire mage (D:15)
  3 naga sharpshooters
  Sonja (Lair:5)
  A skeletal warrior (D:15)
  3 salamander mystics (Snake:2)
  3 mana vipers
  An orange crystal statue (D:13)
  2 naga ritualists
  Pikel (D:3)
  5 lindwurms
  2 deep elf pyromancers
  A necromancer (D:15)
  4 ugly things
  3 cyclopes
  2 manticores
  3 meliai (D:15)
  A meliai (shapeshifter) (D:13)
  6 elephants
  4 salamanders
  A will-o-the-wisp (Lair:2)
  29 black mambas
  3 naga magi (Snake:1)
  3 molten gargoyles (Lair:5)
  A torpor snail (Lair:1)
  A gargoyle (D:10)
  12 cane toads
  An unseen horror (D:11)
  5 rime drakes
  11 komodo dragons
  A kobold demonologist (D:11)
  2 tengu conjurers (D:13)
  A wolf spider simulacrum (D:15)
  A troll (shapeshifter) (D:15)
  3 trolls (D:12)
  5 polar bears
  18 blink frogs
  A hornet (D:9)
  Prince Ribbit (D:9)
  12 dream sheep
  A centaur simulacrum (D:15)
  5 slime creatures (D:13)
  Sigmund (D:3)
  2 shadows
  2 vampires
  20 wyverns
  41 yaks
  5 wraiths
  9 basilisks
  A warg (D:12)
  4 steam dragons
  9 vampire mosquitoes
  7 hell hounds
  18 nagas
  16 water moccasins
  An acid dragon (D:12)
  9 orc warriors
  2 black bears
  10 ogres
  21 wolves
  12 centaurs
  2 phantoms
  3 lemures (D:4)
  6 kobold brigands
  14 bullfrogs
  3 wyvern zombies (D:7)
  6 scorpions
  7 wights
  6 howler monkeys
  A bombardier beetle (D:7)
  4 electric eels
  A bullfrog zombie (D:7)
  2 centaur zombies (D:7)
  5 lava snakes
  11 orc priests
  5 hounds
  4 scorpion zombies (Ossuary)
  13 orc wizards
  6 hell rats (Lair:3)
  2 killer bee zombies (D:7)
  4 mummies
  3 gnolls (D:4)
  11 adders
  A shadow imp (D:5)
  2 ufetubi (D:7)
  An adder zombie (Ossuary)
  A dart slug (D:4)
  3 ribbon worms
  55 orcs
  17 ball pythons
  3 bats
  8 endoplasms
  A giant cockroach (D:1)
  4 goblins
  5 hobgoblins
  11 kobolds
  4 quokkas
  4 frilled lizards
  3 gnoll zombies (Ossuary)
  4 jackal zombies (Ossuary)
  5 kobold zombies (Ossuary)
  2 orc zombies (D:5)
  11 rats
664 creatures vanquished.

Vanquished Creatures (collateral kills)
  A jelly (D:4)
  An endoplasm (D:4)
  A goblin (D:4)
3 creatures vanquished.

Vanquished Creatures (others)
  A hydra (D:14)
  A spriggan skeleton (D:15)
  6 foxfires (Lair:2)
8 creatures vanquished.

Grand Total: 675 creatures vanquished

Notes
Turn   | Place    | Note
-------+----------+-------------------------------------------
     0 | D:1      | aheadsoundss the Kobold Brigand began the quest for the
                  | Orb.
     0 | D:1      | Reached XP level 1. HP: 12/12 MP: 1/1
   252 | D:1      | Reached XP level 2. HP: 17/17 MP: 2/2
  1131 | D:2      | Reached XP level 3. HP: 4/21 MP: 3/3
  1378 | D:2      | Reached XP level 4. HP: 26/26 MP: 4/4
  1480 | D:2      | Found Utyxod's Assorted Antiques.
  1826 | D:2      | Reached skill level 5 in Short Blades
  1894 | D:2      | Found a radiant altar of Vehumet.
  2660 | D:3      | Noticed Sigmund
  2664 | D:3      | Killed Sigmund
  2665 | D:3      | Reached XP level 5. HP: 30/30 MP: 5/5
  2665 | D:3      | Reached XP level 6. HP: 35/35 MP: 6/6
  2694 | D:3      | Noticed an ogre
  2698 | D:3      | Killed an ogre
  2846 | D:3      | Found a basalt altar of Yredelemnul.
  3108 | D:3      | Found a sacrificial altar of Ru.
  3325 | D:4      | Noticed an ogre
  3330 | D:4      | Identified a scroll of acquirement
  3330 | D:4      | Acquired the +5 hat of the Lich-sworn {Rampage Dex+3
                  | Stlth+}
  3349 | D:4      | Reached XP level 7. HP: 8/40 MP: 7/7
  3594 | D:4      | Found a glowing drain.
  3605 | Sewer    | Entered a sewer
  3755 | Sewer    | Reached XP level 8. HP: 44/44 MP: 8/8
  4262 | D:4      | Noticed Pikel
  4281 | D:3      | Killed Pikel
  4282 | D:3      | Reached skill level 10 in Stealth
  4508 | D:4      | Reached XP level 9. HP: 49/49 MP: 9/9
  4674 | D:4      | Found a glowing golden altar of the Shining One.
  4677 | D:4      | Found a bloodstained altar of Trog.
  4739 | D:5      | Entered Level 5 of the Dungeon
  4947 | D:5      | Identified the +8 dagger "Femmupp" {heavy, rF+ Dex+5
                  | Stlth+}
  5025 | D:5      | Found a sand-covered staircase.
  5029 | Ossuary  | Entered an ossuary
  5350 | Ossuary  | Reached skill level 1 in Armour
  7135 | D:7      | Reached XP level 10. HP: 33/58 MP: 10/10
  7274 | D:7      | Reached skill level 1 in Evocations
  7352 | D:7      | Found a broken altar of Ashenzari.
  7478 | D:7      | Found a white marble altar of Elyvilon.
  7527 | D:7      | Reached skill level 5 in Fighting
  7555 | D:7      | Found a burning altar of Makhleb.
  7557 | D:7      | Reached skill level 5 in Dodging
  7587 | D:7      | Found a staircase to the Ecumenical Temple.
  7612 | Temple   | Entered the Ecumenical Temple
  7671 | D:8      | Found an ornate altar of the Wu Jian Council.
  8270 | D:7      | Found a shadowy altar of Dithmenos.
  8282 | D:7      | Became a worshipper of Dithmenos the Shadowed
  8455 | D:8      | Found a snail-covered altar of Cheibriados.
  8460 | D:8      | Found an iron altar of Okawaru.
  8462 | D:8      | Found a faded altar of an unknown god.
  8463 | D:8      | Found a faded altar of an unknown god.
  8468 | D:8      | Found an ancient bone altar of Kikubaaqudgha.
  8848 | D:8      | Identified the +7 war axe of Rithen {flame, rPois rF+}
  9541 | D:9      | Reached * piety under Dithmenos
  9639 | D:9      | Noticed a death yak
  9640 | D:9      | Noticed a death yak
  9641 | D:9      | Found a staircase to the Lair.
  9642 | D:9      | Killed a death yak
  9643 | D:9      | Reached XP level 11. HP: 64/64 MP: 11/11
  9646 | D:9      | Killed a death yak
  9693 | D:9      | Noticed a death yak
  9694 | D:9      | Noticed a death yak
  9695 | D:9      | Noticed a death yak
  9696 | D:9      | Killed a death yak
  9697 | D:9      | Reached skill level 5 in Evocations
  9697 | D:9      | Noticed a death yak
  9697 | D:9      | Killed a death yak
  9698 | D:9      | Killed a death yak
  9701 | D:9      | Killed a death yak
  9707 | D:9      | Gained mutation: Your body sometimes deteriorates upon
                  | taking damage. [potion of mutation]
  9707 | D:9      | Gained mutation: You are clumsy. (Dex -2) [potion of
                  | mutation]
  9707 | D:9      | Gained mutation: Your magical capacity is low. (-10% MP)
                  | [potion of mutation]
  9707 | D:9      | Gained mutation: Your mind is acute. (Int +4, Str/Dex -1)
                  | [potion of mutation]
  9708 | D:9      | Lost mutation: Your mind is acute. (Int +4, Str/Dex -1)
                  | [potion of mutation]
  9708 | D:9      | Lost mutation: Your body sometimes deteriorates upon taking
                  | damage. [potion of mutation]
  9708 | D:9      | Gained mutation: You are dopey. (Int -2) [potion of
                  | mutation]
  9708 | D:9      | Gained mutation: Your flesh is cold resistant. (rC+)
                  | [potion of mutation]
  9709 | D:9      | Lost mutation: You are dopey. (Int -2) [potion of mutation]
  9709 | D:9      | Lost mutation: Your magical capacity is low. (-10% MP)
                  | [potion of mutation]
  9709 | D:9      | Lost mutation: You are clumsy. (Dex -2) [potion of
                  | mutation]
  9709 | D:9      | Gained mutation: You are strong-willed. (Will+) [potion of
                  | mutation]
  9709 | D:9      | Gained mutation: Your magical capacity is low. (-10% MP)
                  | [potion of mutation]
  9709 | D:9      | Gained mutation: You are resistant to electric shocks.
                  | (rElec) [potion of mutation]
  9866 | D:9      | Found a hide-covered altar of Uskayaw.
  9885 | D:9      | Noticed Prince Ribbit
  9888 | D:9      | Killed Prince Ribbit
 10071 | D:9      | Acquired 941 gold pieces
 10197 | D:9      | Found a staircase to the Orcish Mines.
 10377 | D:2      | Bought the +3 pair of seven-league boots {Rampage+∞} for
                  | 1200 gold pieces
 10377 | D:2      | Found the +3 pair of seven-league boots {Rampage+∞}
 10514 | D:10     | Entered Level 10 of the Dungeon
 10933 | D:10     | Reached skill level 1 in Invocations
 11522 | D:10     | Found a glowing silver altar of Zin.
 11559 | D:10     | Noticed a two-headed ogre
 11566 | D:10     | Killed a two-headed ogre
 11567 | D:10     | Reached XP level 12. HP: 72/72 MP: 10/11
 11580 | D:10     | Reached ** piety under Dithmenos
 12331 | D:11     | Found Turch's Magic Scroll Boutique.
 12336 | D:11     | Bought a scroll of teleportation for 36 gold pieces
 12336 | D:11     | Bought a scroll of teleportation for 36 gold pieces
 12336 | D:11     | Bought a scroll of teleportation for 36 gold pieces
 12336 | D:11     | Bought a scroll of identify for 24 gold pieces
 12569 | D:11     | Noticed a boulder beetle
 13045 | D:11     | Killed a boulder beetle
 13681 | D:12     | Noticed a boulder beetle
 13918 | D:12     | Noticed Josephine
 13973 | D:12     | Killed Josephine
 13982 | D:12     | Reached *** piety under Dithmenos
 14226 | D:12     | Reached XP level 13. HP: 79/79 MP: 14/14
 14362 | D:12     | Found a runed translucent gate.
 14362 | D:12     | Found a runed translucent gate.
 14393 | D:12     | Found a runed translucent gate.
 14670 | D:12     | Noticed diceflayer's ghost (journeyman DsFi)
 14671 | D:12     | Identified the +2 chain mail of Cezxozibb {Str+3}
 14847 | D:12     | Reached skill level 15 in Short Blades
 15630 | D:12     | Identified the +3 pair of gloves of the Frog {Str+5 Dex+2}
 16000 | D:13     | Found a runed translucent door.
 16012 | D:13     | Found a runed translucent door.
 16058 | D:13     | Reached skill level 15 in Stealth
 16349 | D:13     | Noticed a centaur warrior
 16358 | D:13     | Killed a centaur warrior
 16359 | D:13     | Reached skill level 10 in Dodging
 16369 | D:13     | Reached skill level 5 in Armour
 16473 | D:13     | Found a runed translucent door.
 16494 | D:13     | Found a runed translucent door.
 16973 | D:14     | Found a shadowy altar of Dithmenos.
 16976 | D:14     | Noticed Lodul
 17013 | D:14     | Reached **** piety under Dithmenos
 17151 | D:14     | Lost mutation: Your magical capacity is low. (-10% MP)
                  | [potion of mutation]
 17151 | D:14     | Lost mutation: You are resistant to electric shocks.
                  | (rElec) [potion of mutation]
 17151 | D:14     | Gained mutation: Your flesh is heat resistant. (rF+)
                  | [potion of mutation]
 17151 | D:14     | Gained mutation: You have a somewhat thin skeletal
                  | structure. (Dex +2, Stealth+) [potion of mutation]
 17383 | D:14     | Noticed a centaur warrior
 17387 | D:14     | Killed a centaur warrior
 17424 | D:14     | Found a gate to the Vaults.
 17424 | D:14     | Noticed an ironbound preserver
 17424 | D:14     | Noticed Azrael
 17438 | D:14     | Noticed a five-headed hydra
 17452 | D:15     | Entered Level 15 of the Dungeon
 17514 | D:15     | Noticed an ogre mage
 17553 | D:15     | Reached skill level 10 in Fighting
 17615 | D:15     | Noticed a centaur warrior
 17624 | D:15     | Killed a centaur warrior
 17625 | D:15     | Reached XP level 14. HP: 81/88 MP: 17/17
 17672 | D:15     | Reached skill level 5 in Invocations
 17684 | D:15     | Found a staircase to the Depths.
 17915 | D:15     | Found the +8 longbow "Zephyr" {speed, Dex+3 SInv}
 18097 | D:15     | Reached skill level 10 in Evocations
 18616 | Lair:1   | Entered Level 1 of the Lair of Beasts
 20360 | Lair:2   | Found a staircase to the Swamp.
 20512 | Lair:2   | Reached ***** piety under Dithmenos
 21516 | Lair:3   | Found a staircase to the Snake Pit.
 21521 | Lair:3   | Reached XP level 15. HP: 93/93 MP: 19/19
 21966 | Lair:3   | Reached skill level 1 in Shields
 24035 | Lair:4   | Reached ****** piety under Dithmenos
 24072 | Lair:4   | Identified the +7 scimitar of Generosity {flame, Int+2
                  | Stlth+}
 24101 | Lair:5   | Entered Level 5 of the Lair of Beasts
 24262 | Lair:5   | Got the Excursus on Snow and Geomancy
 24412 | Lair:5   | Found a viscous altar of Jiyva.
 24415 | Lair:5   | Found a staircase to the Slime Pits.
 24437 | Lair:5   | Noticed Sonja
 24518 | Lair:5   | Killed Sonja
 25014 | Lair:5   | Reached XP level 16. HP: 46/100 MP: 21/21
 25469 | Lair:5   | Found a large runed translucent door.
 25469 | Lair:5   | Found a large runed translucent door.
 25618 | Lair:5   | Reached skill level 1 in Spellcasting
 26388 | Snake:1  | Entered Level 1 of the Snake Pit
 27011 | Snake:1  | Found Yrghan Dijebb's Specific Store.
 27049 | Snake:1  | Found Vuddaofu's General Store.
 28033 | Snake:2  | Identified the +0 war axe of Terra Cotta {distort, *Slow
                  | +Blink MP+9 Dex+4}
 28275 | Snake:2  | Got the Exposition on Differential Dislocation
 28788 | Snake:2  | Slain by a naga warrior

Illustrated notes

Levels and vault maps discovered:
D:1:      spicycebolla_green_bress_n_ham_2, layout_loops_corners,
          minmay_pentomino_o2
D:2:      minmay_spotlight, layout_loops_ring, basic_altar, serial_shops, shop
D:3:      layout_loops_ring, lemuel_coloured_pillars_altar, lemuel_tele_altar,
          uniq_sigmund
D:4:      layout_rooms, jmf_multi_god_temple2, portal_sewer_entry_d,
          minmay_vboxes, uniq_pikel
D:5:      layout_cave_pools, nicolae_ossuary_entry_giza
D:6:      layout_loops_corners, lemuel_flamethrower_2
D:7:      layout_rooms, elyvilon_altar_1, mainiacjoe_overflow_brackets,
          mainiacjoe_overflow_alcove_1, mainiacjoe_overflow_surrounded_room,
          minmay_temple_entry_statues_pillars, serial_undead, serial_undead_b,
          serial_undead_d, serial_undead_b, serial_undead_e, serial_undead_f
D:8:      layout_layer_cave, old_standard_altar,
          chequers_temple_overflow_minitemple
D:9:      layout_roguey, nicolae_uskayaw_suspiria, dpeg_lair_monsters,
          hiddenorc1_lemuel, uniq_prince_ribbit1
D:10:     layout_long_grid, zin_treasury
D:11:     layout_basic, serial_glass, glass_columns_b, glass_columns_a,
          serial_shops, nicolae_shop_hallway_plus
D:12:     layout_roguey, biasface_ghost_orc_armoury, chequers_decorated_corner,
          uniq_josephine
D:13:     layout_rooms, minmay_statue_crystal_thing
D:14:     layout_basic, skrybe_vaults_entry_preservation,
          grunt_dithmenos_smoke_and_mirrors, gauntlet_entry_generic,
          chequers_serial_rivers_large_b, tso_oasis_becter, uniq_rupert,
          uniq_lodul, uniq_azrael
D:15:     gammafunk_depths_entry_grave, layout_basic, grunt_decor_arrowhead,
          unseen_surprise_small
Temple:   hellmonk_temple_rainy
Lair:1:   layout_long_grid, minmay_shattered_shrine, lemuel_fruit_tree
Lair:2:   layout_gridlike, minmay_swamp_entry_wisps,
          infiniplex_staircase_pool_2, grunt_megastairs_1, serial_bayou_shore_b,
          serial_bayou_shore_b
Lair:3:   layout_roguey [special_room_mythical_zoo],
          minmay_snake_entry_six_corridors, wad_woods_road_04,
          infiniplex_staircase_pool
Lair:4:   layout_cave_shapes, minmay_lindwurm_lava
Lair:5:   cheibrodos_lair_end_hotspot, layout_long_grid, slime_entry_1,
          uniq_sonja
Snake:1:  layout_gridlike, nicolae_specific_store, nicolae_integral_box
Snake:2:  layout_onion_interference, nicolae_snake_snakewalk

Skill      XL: |  1  2  3  4  5  6  7  8  9 10 11 12 13 14 15 16 |
---------------+-------------------------------------------------+-----
Short Blades   | 3 4 6 7 9 11 12 13 14 15 16 17 18 | 18.5
Stealth        | 6 7 8 10 11 12 13 14 15 16 17 18 | 18.8
Dodging        | 4 6 7 9 10 11 12 | 12.6
Fighting       | 4 6 7 8 10 11 | 11.5
Armour         | 1 2 3 4 5 6 7 |  7.5
Evocations     | 4 6 7 9 10 11 | 11.7
Invocations    | 1 3 4 5 6 7 |  7.8
Shields        | 3 4 |  4.0
Spellcasting   | 2 |  2.8
Throwing       | |  2.1

Action                     |  1- 3 |  4- 6 |  7- 9 | 10-12 | 13-15 | 16-18 || total
---------------------------+-------+-------+-------+-------+-------+-------++-------
  Melee: Dagger            |    45 |    56 |   395 |   570 |  1351 |   366 ||  2783
         Punch             |       |       |     3 |    15 |    24 |       ||    42
  Throw: Dart              |       |       |       |       |       |     3 ||     3
  Evoke: Wand              |       |       |       |     1 |     7 |       ||     8
    Use: Scroll            |       |     5 |    19 |     8 |     8 |     1 ||    41
         Potion            |       |       |     3 |     8 |     8 |     2 ||    21
   Stab: Sleeping          |    11 |    20 |    44 |    28 |    40 |    26 ||   169
         Distracted        |     1 |     2 |     3 |     6 |     7 |     1 ||    20
 Armour: Robe              |    12 |    22 |    77 |   146 |    22 |       ||   279
         Steam dragon scal |       |       |       |       |   368 |   134 ||   502
  Dodge: Dodged            |    21 |    28 |   151 |   353 |  1579 |   385 ||  2517
  Block: Other             |       |     6 |    45 |    71 |   288 |     8 ||   418
         Reflection        |       |       |       |     1 |     3 |     9 ||    13
         Buckler           |       |       |       |       |       |   223 ||   223
